 Dungeon Crawl Stone Soup version 0.31-a0-455-g1a7b003ef0 (webtiles) character file.

Game seed: 5017634296122055171

182 tilp the Sneak (level 5, 0/38 HPs)
             Began as a Vampire Enchanter on Aug 3, 2023.
             Slain by a gnoll
             ... wielding a +0 halberd
             ... led by a gnoll bouda
              (12 damage)
             ... on level 4 of the Dungeon.
             The game lasted 00:04:03 (2410 turns).

tilp the Sneak (Vampire Enchanter)                  Turns: 2410, Time: 00:04:04

Health: 0/38       AC:  2    Str:  7    XL:     5   Next: 34%
Magic:  2/8        EV: 13    Int: 20    God:
Gold:   138        SH:  0    Dex: 14    Spells: 1/9 levels left

rFire   . . .        a - +2 dagger (heavy)
rCold   . . .        (no shield)
rNeg    . . .        f - +0 robe
rPois   .            (no helmet)
rElec   .            (no cloak)
rCorr   .            (no gloves)
SInv    +            (no boots)
Will    .....        (no amulet)
Stlth   +++          (no ring)
HPRegen 0.46/turn    (no ring)
MPRegen 0.11/turn

%: no passive effects
@: healing quickly
A: alive, fangs 3, see invisible, vampiric 2
a: Exsanguinate


You were on level 4 of the Dungeon.
You visited 1 branch of the dungeon, and saw 4 of its levels.

You collected 138 gold pieces.

Inventory:

Hand Weapons
 a - a +2 heavy dagger (weapon)
 b - a +2 short sword of draining
Armour
 f - a +0 robe (worn)
Jewellery
 d - an amulet of faith
Potions
 c - a potion of invisibility
 e - 2 potions of curing
 g - 2 potions of enlightenment
 h - a potion of attraction {unknown}
 l - a potion of heal wounds {unknown}


   Skills:
 * Level 2.2 Fighting
 * Level 3.0 Short Blades
 + Level 3.0 Dodging
 + Level 5.1 Stealth
 + Level 2.5 Spellcasting
 + Level 5.1 Hexes


You had one spell level left.
You knew the following spells:

 Your Spells              Type           Power      Damage    Failure   Level
a - Ensorcelled Hibernat  Hex/Ice        24%        N/A       8%          2
b - Confusing Touch       Hex            22%        N/A       5%          3
c - Tukima's Dance        Hex            22%        N/A       5%          3

Your spell library contained the following spells:

 Spells                   Type           Power      Damage    Failure   Level
 Dazzling Flash           Conj/Hex       24%        N/A       16%         3
 Inner Flame              Hex/Fire       12%        N/A       16%         3
 Flame Wave               Conj/Fire      2%         2d4       83%         4
 Sticky Flame             Conj/Fire      2%         2d3       83%         4


Dungeon Overview and Level Annotations

Branches:
Dungeon (4/15)
 Temple: D:4-7

Altars:
Uskayaw

Shops:
D:2 (


Innate Abilities, Weirdness & Mutations

Your natural rate of healing is accelerated.
You have razor-sharp teeth.
You have supernaturally acute eyesight. (SInv)
You are afflicted with vampirism and can become a bat while bloodless.


Message History

Aiming: Ensorcelled Hibernation (safe; 9% risk of failure)
Press: ? - help, Shift-Dir - straight line, f - orc wizard
Aim: an orc wizard, wielding a +0 dagger and wearing a +0 robe (slightly transparent, chance to affect: 46%)
The orc wizard resists with some effort.
Unknown command.
You barely miss the orc wizard.
The orc wizard hits you with a +0 dagger.
The orc wizard hits you but does no damage.
Casting: Ensorcelled Hibernation (safe; 9% risk of failure)
Confirm with . or Enter, or press ? or * to list all spells.
Aiming: Ensorcelled Hibernation (safe; 9% risk of failure)
Press: ? - help, Shift-Dir - straight line, f/p - orc wizard
Aim: an orc wizard, wielding a +0 dagger and wearing a +0 robe (slightly transparent, chance to affect: 46%)
The orc wizard looks drowsy...
The orc wizard mumbles some strange words.
The orc wizard flickers and vanishes for a moment.
The helpless orc wizard fails to defend itself.
You stick the orc wizard like a pincushion!!!
You kill the orc wizard!
Your Short Blades skill increases to level 3!
Unknown command.
You closely miss the hobgoblin. The hobgoblin hits you.
The gnoll barely misses you.
You hit the hobgoblin but do no damage. The gnoll barely misses you.
The hobgoblin hits you.
You hit the hobgoblin.
You kill the hobgoblin!
The gnoll barely misses you.
A gnoll bouda comes into view. It is wielding a +0 club.
The gnoll hits you from afar with a +0 halberd.
* * * LOW HITPOINT WARNING * * *
The gnoll bouda moves out of view.
Casting: Ensorcelled Hibernation (safe; 8% risk of failure)
Confirm with . or Enter, or press ? or * to list all spells.
Aiming: Tukima's Dance (dangerous; 5% risk of failure)
Press: ? - help, Shift-Dir - straight line, f - gnoll
Aim: a gnoll, wielding a +0 halberd (chance to affect: 63%)
The gnoll resists with significant effort.
The gnoll hits you from afar with a +0 halberd!
You die...

########### #......#
.!........# #......#
..........+ #......#
..........####.#
#<.....#
#.........#.####.....#
#..o###+#.#....#.###
#.#g#.....#.##.#.#
#.#)#.....#.##.#.###
#.#@......#.........
#.###.....##........
#. #........#.#.##. #.
#..>...........
#.###.....####.#.##.
#.........# +#+#
#########.# #.# #.#


You could see an orc wizard (invisible) and a gnoll.

Vanquished Creatures
  3 orc wizards
  2 adders (D:2)
  A worm (D:2)
  A dart slug (D:1)
  7 orcs
  7 ball pythons
  5 bats
  4 giant cockroaches
  6 goblins
  5 hobgoblins
  13 jackals
  6 kobolds
  A quokka (D:1)
  5 frilled lizards
  6 rats
72 creatures vanquished.

Vanquished Creatures (collateral kills)
  An endoplasm (D:2)
  A ball python (D:2)
  A rat (D:2)
3 creatures vanquished.

Grand Total: 75 creatures vanquished

Notes
Turn   | Place    | Note
-------+----------+-------------------------------------------
     0 | D:1      | tilp the Vampire Enchanter began the quest for the Orb.
     0 | D:1      | Reached XP level 1. HP: 13/13 MP: 3/3
    56 | D:1      | Reached XP level 2. HP: 17/20 MP: 5/5
    85 | D:1      | Learned a level 2 spell: Ensorcelled Hibernation
   156 | D:1      | Reached skill level 1 in Fighting
   450 | D:1      | Gained mutation: You are afflicted with vampirism and can
                  | become a bat while bloodless. [Vampire growth]
   450 | D:1      | Reached XP level 3. HP: 24/26 MP: 6/6
   776 | D:2      | Found Lirolywk's Weapon Emporium.
   944 | D:2      | Reached XP level 4. HP: 27/33 MP: 7/7
  1203 | D:2      | Found a hide-covered altar of Uskayaw.
  1286 | D:2      | Found a faded altar of an unknown god.
  1990 | D:3      | Learned a level 3 spell: Confusing Touch
  1998 | D:3      | Reached skill level 5 in Stealth
  1998 | D:3      | Reached skill level 5 in Hexes
  1998 | D:3      | Reached XP level 5. HP: 33/38 MP: 3/8
  2002 | D:3      | Learned a level 3 spell: Tukima's Dance
  2410 | D:4      | Slain by a gnoll

Illustrated notes

Levels and vault maps discovered:
D:1:      dpeg_arrival_windows_large_door, layout_rooms
D:2:      layout_basic, serial_shops, nicolae_shop_advertising_works
          [nicolae_subvault_shop_adworks], ebering_ecumenical_altar_petrified,
          basic_altar
D:3:      layout_loops_ring
D:4:      layout_basic, nicolae_shop_self_help

Skill      XL: |  1  2  3  4  5 |
---------------+----------------+-----
Fighting       | 1 2 |  2.2
Short Blades   | 2 3 |  3.0
Dodging        | 3 |  3.0
Stealth        | 5 |  5.1
Hexes          | 5 |  5.1
Spellcasting   | |  2.5

Action                     |  1- 3 |  4- 6 || total
---------------------------+-------+-------++-------
  Melee: Dagger            |   134 |    98 ||   232
         Bite              |    13 |    13 ||    26
         Short sword       |     7 |       ||     7
         Punch             |     3 |     1 ||     4
   Cast: Ensorcelled Hiber |     5 |     7 ||    12
         Tukima's Dance    |       |     1 ||     1
    Use: Potion            |     1 |       ||     1
         Scroll            |     4 |     5 ||     9
   Stab: Invisible         |     4 |       ||     4
         Sleeping          |     9 |     8 ||    17
 Armour: Robe              |    18 |     8 ||    26
  Dodge: Dodged            |   111 |    47 ||   158

Table legend: (Time is in decaauts)
 A = Elapsed time spent in this place.
 B = Non-inter-level travel time spent in this place.
 C = Inter-level travel time spent in this place.
 D = Time resting spent in this place.
 E = Time spent auto-exploring this place.
 F = Levels seen in this place.
 G = Mean time per level.
                   A        B        C        D        E       F      G
               +--------+--------+--------+--------+--------+-----+--------+
         Total |   2387 |   2335 |     52 |     32 |   1760 |   4 |  596.8 |
       Dungeon |   2387 |   2335 |     52 |     32 |   1760 |   4 |  596.8 |
               +--------+--------+--------+--------+--------+-----+--------+

Top non-repeatable levels by time:
     D:2: 958 daAuts
     D:3: 744 daAuts
     D:1: 605 daAuts
     D:4: 78 daAuts
